 Dungeon Crawl Stone Soup version 0.29.1-1-gd02db6906a (webtiles) character file.

Game seed: 18027270206348530335

240 fireball365 the Chopper (level 5, -12/44 (46) HPs)
             Began as a Minotaur Fighter on Oct 11, 2022.
             Mangled by an ogre
             ... wielding a +0 giant club
              (25 damage)
             ... on level 3 of the Dungeon.
             The game lasted 00:06:08 (2146 turns).

fireball365 the Chopper (Minotaur Fighter)          Turns: 2146, Time: 00:06:11

HP:   -12/44 (46)   AC:  7    Str: 21    XL:     5   Next: 80%
MP:   4/4           EV:  9    Int:  5    God:
Gold: 76            SH:  5    Dex: 11    Spells: 4/4 levels left

rFire   . . .      SeeInvis .   a - +0 war axe
rCold   . . .      Faith    .   c - +0 buckler
rNeg    . . .      Spirit   .   b - +0 scale mail
rPois   .          Reflect  .   (helmet restricted)
rElec   .          Harm     .   (no cloak)
rCorr   .          Rampage  .   (no gloves)
Will    .....                   (no boots)
Stlth   ..........              (no amulet)
HPRegen 0.14/turn               (no ring)
MPRegen 0.09/turn               (no ring)

@: mighty, lightly drained
A: horns 2, retaliatory headbutt
a: no special abilities


You were on level 3 of the Dungeon.
You visited 1 branch of the dungeon, and saw 3 of its levels.

You collected 76 gold pieces.

Inventory:

Hand Weapons
 a - a +0 war axe (weapon)
 o - a +0 scythe
Missiles
 f - 31 stones (quivered)
Armour
 b - a +0 scale mail (worn)
 c - a +0 buckler (worn)
Magical Staves
 e - a staff of conjuration
Scrolls
 h - a scroll of enchant weapon {unknown}
 i - 4 scrolls of teleportation {unknown}
 k - 2 scrolls of identify {unknown}
 l - 2 scrolls of amnesia {unknown}
 m - a scroll of brand weapon {unknown}
 q - a scroll of blinking {unknown}
Potions
 d - 2 potions of might
 g - a potion of ambrosia {unknown}
 j - a potion of berserk rage {unknown}
 n - a potion of curing {unknown}
 p - a potion of flight {unknown}
 r - a potion of brilliance {unknown}
 s - a potion of attraction {unknown}
 t - 2 potions of mutation {unknown}


   Skills:
 - Level 3.8 Fighting
 * Level 6.0 Axes
 + Level 4.6 Armour
 + Level 1.2 Dodging
 + Level 4.4 Shields


You had 4 spell levels left.
You didn't know any spells.
Your spell library contained the following spells:

 Spells                   Type           Power      Damage    Failure   Level
 Apportation              Tloc           0%         N/A       88%         1
 Necrotise                Necr           0%         1d4       88%         1
 Summon Small Mammal      Summ           0%         N/A       88%         1


Dungeon Overview and Level Annotations

Branches:
Dungeon (3/15)

Altars:


Innate Abilities, Weirdness & Mutations

You have a pair of horns on your head.
You reflexively headbutt those who attack you in melee.


Message History

There is an open door here.
There is an open door here.
You see here a +0 hand axe.
There is an open door here.
There is an open door here.
You see here a +0 hand axe.
There is an escape hatch in the floor here.
You slide downwards.
The hatch slams shut behind you.
Found 2 smoky blue potions.
t - 2 smoky blue potions An ogre and an orc come into view.
The orc is wielding a +0 short sword of draining.
The ogre shouts!
The orc shouts!
You hear an angry hiss. x2
A hobgoblin comes into view.
The hobgoblin shouts!
A ball python comes into view.
Found an escape hatch in the ceiling.
An adder comes into view.
The adder moves out of view.
Found a scroll labelled LASEUB HIOXT.
The ogre attacks as you move away!
The ogre hits you with a +0 giant club!!
Ouch! That really hurt!
The orc attacks as you move away! The orc hits you but does no damage.
You feel drained.
An endoplasm comes into view.
The hobgoblin barely misses you.
The endoplasm quivers.
You hit the orc but do no damage. You headbutt the orc.
The orc is heavily wounded.
You closely miss the hobgoblin.
An endoplasm comes into view.
The orc hits you with a +0 short sword of draining.
* * * LOW HITPOINT WARNING * * *
You feel drained.
The hobgoblin hits you but does no damage.
You feel very mighty all of a sudden.
The ogre hits you with a +0 giant club!!
Ouch! That really hurt!
You die...

.. ...... # ..
....?. #. #.
....#.
##.##.##......
.........<...
...S.......
##.........
#..@....... #
#.Oog......
#.#...S......
#......#..#..
###.......#..
###......J.
##### #.##.###.
...# #.# .J.
#.#####.#..##..


You could see an ogre, an adder, an orc, 2 endoplasms, a hobgoblin and a ball
python.

Vanquished Creatures
  Sigmund (D:2)
  2 adders (D:2)
  A dart slug (D:1)
  7 bats
  5 endoplasms
  3 giant cockroaches
  6 goblins
  2 hobgoblins (D:1)
  10 jackals
  6 kobolds
  A quokka (D:1)
  2 ball pythons (D:1)
  4 frilled lizards
  2 rats (D:1)
52 creatures vanquished.

Vanquished Creatures (others)
  56 plants (D:1)
56 creatures vanquished.

Grand Total: 108 creatures vanquished

Notes
Turn   | Place    | Note
-------+----------+-------------------------------------------
     0 | D:1      | fireball365 the Minotaur Fighter began the quest for the
                  | Orb.
     0 | D:1      | Reached XP level 1. HP: 19/19 MP: 0/0
   304 | D:1      | Reached XP level 2. HP: 27/27 MP: 1/1
   638 | D:1      | Reached skill level 3 in Axes
   810 | D:1      | Reached XP level 3. HP: 33/33 MP: 2/2
  1576 | D:2      | Noticed Sigmund
  1588 | D:2      | Killed Sigmund
  1589 | D:2      | Reached skill level 5 in Axes
  1589 | D:2      | Reached skill level 1 in Dodging
  1589 | D:2      | Reached XP level 4. HP: 37/40 MP: 3/3
  1589 | D:2      | Reached XP level 5. HP: 42/46 MP: 4/4
  1637 | D:2      | Reached skill level 6 in Axes
  2138 | D:3      | Noticed an ogre
  2146 | D:3      | Mangled by an ogre

Illustrated notes

Levels and vault maps discovered:
D:1:      wander_arrival_lonely_grave, layout_basic, minmay_misc_feat_five,
          serial_bayou_lagoon_a, serial_bayou_pond_d, minmay_cut_off
D:2:      layout_basic, uniq_sigmund
D:3:      layout_basic, corner_web_ring

Skill      XL: |  1  2  3  4  5 |
---------------+----------------+-----
Axes           | 3 5 6 |  6.0
Armour         | 4 |  4.6
Shields        | 4 |  4.4
Dodging        | 1 |  1.2
Fighting       | |  3.8

Action                   |  1- 3 |  4- 6 || total
-------------------------+-------+-------++-------
Melee: War axe           |   117 |    10 ||   127
       Headbutt          |    21 |     2 ||    23
  Use: Potion            |       |     1 ||     1
Armor: Scale mail        |    56 |    19 ||    75
Dodge: Dodged            |    42 |    14 ||    56
Block: Buckler           |    34 |     5 ||    39
